 Dungeon Crawl Stone Soup version 0.29-a0-317-gd16b76e6b1 (webtiles) character file.

Game seed: 15084780164841121097

30 Ajdolov the Ruffian (level 3, 0/36 HPs)
             Began as a Troll Delver on Mar 31, 2022.
             Slain by a scorpion (6 damage)
             ... on level 5 of the Dungeon.
             The game lasted 00:00:22 (128 turns).

Ajdolov the Ruffian (Troll Delver)                   Turns: 128, Time: 00:00:23

Health: 0/36       AC:  4    Str: 22    XL:     3   Next: 3%
Magic:  2/2        EV:  9    Int:  6    God:
Gold:   0          SH:  0    Dex: 11    Spells: 2/2 levels left

rFire   . . .      SeeInvis .     - Unarmed
rCold   . . .      Faith    .   (no shield)
rNeg    . . .      Spirit   .   a - +0 robe
rPois   .          Reflect  .   (helmet restricted)
rElec   .          Harm     .   (no cloak)
rCorr   .          Rampage  .   (gloves unavailable)
Will    .....                   (boots unavailable)
Stlth   ++........              (no amulet)
HPRegen 0.92/turn               (no ring)
MPRegen 0.08/turn               (no ring)

@: lethally poisoned (0 -> -1), hasted, very quick
A: large, unfitting armour, claws 3, regeneration 1, shaggy fur 1, tough skin 1
a: no special abilities


You were on level 5 of the Dungeon.
You visited 1 branch of the dungeon, and saw 1 of its levels.

Inventory:

Armour
 a - a +0 robe (worn)
Wands
 f - a wand of digging (3)
Scrolls
 b - a scroll of fog
 c - a scroll of magic mapping
 d - a scroll of fear
 h - a scroll of immolation {unknown}
Potions
 g - a potion of might {unknown}


   Skills:
 + Level 2.8 Fighting
 - Level 1.5 Dodging
 - Level 2.7 Stealth
 * Level 3.1 Unarmed Combat


You had 2 spell levels left.
You didn't know any spells.
Your spell library was empty.

Dungeon Overview and Level Annotations

Branches:
Dungeon (5/15)
 Temple: D:4-7

Altars:


Innate Abilities, Weirdness & Mutations

You are too large for most types of armour.
You have claws for hands.
Your natural rate of healing is unusually fast.
You are covered in fur. (AC +1)
You have tough skin. (AC +1)


Message History

The hound closely misses you.
You closely miss the hound.
The hound is severely wounded.
The hound closely misses you.
You scratch the hound but do no damage.
The hound is severely wounded.
The hound closely misses you. The hound bites you.
You closely miss the hound.
The hound is severely wounded.
The hound barely misses you.
You claw the hound!
You kill the hound!
Your Unarmed Combat skill increases to level 3!
You have reached level 2!
You have reached level 3!
Your experience leads to an increase in your attributes!
Increase (S)trength, (I)ntelligence, or (D)exterity?
You feel stronger. x3
You closely miss the scorpion. The scorpion completely misses you.
You barely miss the scorpion. The scorpion stings you.
You are poisoned.
The scorpion poisons you!
You scratch the scorpion but do no damage.
You feel very sick. The scorpion stings you. x2
You closely miss the scorpion.
You feel very sick. The scorpion stings you.
Unknown command.
You closely miss the scorpion.
You feel sick. The scorpion stings you.
* * * LOW HITPOINT WARNING * * *
You closely miss the scorpion.
You feel sick.
The scorpion stings you but does no damage.
Unknown command.
You feel yourself speed up.
You feel sick. The scorpion barely misses you.
Unknown command.
You scratch the scorpion. You claw the scorpion!
The scorpion is heavily wounded.
You feel sick. The scorpion stings you.
You die...

.# #.# ># #.#
.# #.# .# #.#
.########.#
..........#
..#######.#
#.
#.###########
.#
#......s@...#
#.....#####.#
#..##.# #.#
#..##.# #.#
#..##.# #.#
......# #.#
##.....# #.#
#..##.# #.#
#..##.#


You could see a scorpion.

Vanquished Creatures
  A hound (D:5)
1 creature vanquished.

Notes
Turn   | Place    | Note
-------+----------+-------------------------------------------
     0 | D:5      | Ajdolov the Troll Delver began the quest for the Orb.
     0 | D:5      | Reached XP level 1. HP: 22/22 MP: 0/0
    93 | D:5      | Noticed a scorpion
   106 | D:5      | Noticed a hound
   120 | D:5      | Killed a hound
   121 | D:5      | Reached skill level 3 in Unarmed Combat
   121 | D:5      | Reached XP level 2. HP: 23/29 MP: 1/1
   121 | D:5      | Reached XP level 3. HP: 29/36 MP: 2/2
   128 | D:5      | Slain by a scorpion

Illustrated notes

Levels and vault maps discovered:
D:5:      layout_loops_ring, mainiacjoe_overflow_six_doors_small, serial_shops,
          shop, minmay_misc_feat_rows

Skill      XL: |  1 |
---------------+----+-----
Unarmed Combat | 3 |  3.1
Fighting       | |  2.8
Dodging        | |  1.5
Stealth        | |  2.7

Action                   || total
-------------------------++-------
Melee: Unarmed           ||    17
       Punch             ||     1
  Use: Potion            ||     1
Armor: Robe              ||     2
Dodge: Dodged            ||     9

Table legend: (Time is in decaauts)
 A = Elapsed time spent in this place.
 B = Non-inter-level travel time spent in this place.
 C = Inter-level travel time spent in this place.
 D = Time resting spent in this place.
 E = Time spent auto-exploring this place.
 F = Levels seen in this place.
 G = Mean time per level.
                   A        B        C        D        E       F      G
               +--------+--------+--------+--------+--------+-----+--------+
         Total |    127 |    127 |      0 |      0 |     94 |   1 |  127.0 |
       Dungeon |    127 |    127 |      0 |      0 |     94 |   1 |  127.0 |
               +--------+--------+--------+--------+--------+-----+--------+

Top non-repeatable levels by time:
     D:5: 127 daAuts
